 Dungeon Crawl Stone Soup version 0.28.0-53-g5a82cb258f (webtiles) character file.

Game seed: 16846001417925727025

107263 cbfl8 the Severer (level 15, -1/137 HPs)
             Began as a Minotaur Berserker on July 13, 2022.
             Was a High Priest of Trog.
             Succumbed to a naga mage's splash of poison
             ... on level 2 of the Snake Pit.
             The game lasted 01:08:44 (39229 turns).

cbfl8 the Severer (Minotaur Berserker)             Turns: 39229, Time: 01:08:44

Health: -1/137     AC: 24    Str: 33    XL:     15   Next: 99%
Magic:  41/41      EV: 17    Int:  4    God:    Trog [*****.]
Gold:   1077       SH:  8    Dex: 21    Spells: 14/14 levels left

rFire   + . .      SeeInvis .   Z - +4 broad axe (protect)
rCold   . . .      Faith    .   g - +0 buckler of the Everdark {+Blink rF+ MP+9 Str+7}
rNeg    . . .      Spirit   .   H - +0 storm dragon scales of Quantum Leap {rElec MP+9}
rPois   .          Reflect  .   (helmet restricted)
rElec   +          Harm     .   e - scarf {shadows}
rCorr   +          Rampage  .   S - +2 pair of gloves
Will    +....                   I - +2 pair of boots "Cenid" {rCorr Str+3 Dex+5}
Stlth   +.........              Y - amulet of regeneration
HPRegen 1.12/turn               q - ring of magical power
MPRegen 0.27/turn               s - +4 ring of evasion

@: mighty, lethally poisoned (-1 -> -12), about to teleport, slowed, studying
Shields, very slow
A: horns 2, retaliatory headbutt
a: Renounce Religion, Evoke Blink, Berserk, Trog's Hand, Brothers in Arms


You were on level 2 of the Snake Pit.
You worshipped Trog.
Trog was extremely pleased with you.
You visited 4 branches of the dungeon, and saw 24 of its levels.
You also visited: Ossuary and Bailey.

You collected 1882 gold pieces.
You spent 805 gold pieces at shops.

Inventory:

Hand Weapons
 f - the +4 quarterstaff "Masotum" {vorpal, Int+4 Dex+5}
   (You found it on level 8 of the Dungeon)

   It inflicts extra damage upon your enemies.
   Int:       It affects your intelligence (+4).
   Dex:       It affects your dexterity (+5).
 C - a +4 vorpal hand axe
 L - a +0 battleaxe
 V - the +8 whip "Snakebite" {venom, curare, rPois}
   (You found it on level 3 of the Lair of Beasts)

   It poisons the flesh of those it strikes.
   It occasionally inflicts asphyxiating poison on those it strikes, dealing
   poison damage and causing slowness.
   rPois:     It protects you from poison.
 Z - a +4 broad axe of protection (weapon)
Armour
 e - a scarf of shadows (worn)
 g - the +0 buckler of the Everdark (worn) {+Blink rF+ MP+9 Str+7}
   (You found it on level 2 of the Dungeon)

   Str:       It affects your strength (+7).
   rF:        It protects you from fire.
   MP:        It affects your magic capacity (+9).
   +Blink:    It lets you blink.
 h - the +4 robe of Augmentation {Str+4 Int+4 Dex+4}
   (You found it on level 2 of the Dungeon)

   Str:       It affects your strength (+4).
   Int:       It affects your intelligence (+4).
   Dex:       It affects your dexterity (+4).
 G - a +0 plate armour
 H - the +0 storm dragon scales of Quantum Leap (worn) {rElec MP+9}
   (You found it in a bailey)

   rElec:     It insulates you from electricity.
   MP:        It affects your magic capacity (+9).
 I - the +2 pair of boots "Cenid" (worn) {rCorr Str+3 Dex+5}
   (You found it in a bailey)

   Str:       It affects your strength (+3).
   Dex:       It affects your dexterity (+5).
   rCorr:     It protects you from acid and corrosion.
 K - a +1 hat of willpower
 S - a +2 pair of gloves (worn)
 W - +0 fire dragon scales
Jewellery
 o - a ring of fire
 q - a ring of magical power (left hand)
 s - a +4 ring of evasion (right hand)
 Y - an amulet of regeneration (around neck)
Wands
 p - a wand of digging (12)
 u - a wand of iceblast (4)
 y - a wand of flame (50)
 A - a wand of polymorph (6)
 J - a wand of acid (7)
 Q - a wand of paralysis (3)
Scrolls
 a - 5 scrolls of enchant armour
 j - 12 scrolls of teleportation
 v - 3 scrolls of immolation
 w - 4 scrolls of vulnerability
 x - 4 scrolls of fog
 F - 2 scrolls of acquirement
 M - 5 scrolls of noise
 P - a scroll of fear
 R - a scroll of blinking
 T - a scroll of magic mapping
 U - a scroll of torment
Potions
 c - 2 potions of ambrosia {unknown}
 d - 6 potions of mutation
 i - 3 potions of haste
 l - 5 potions of flight
 m - 11 potions of curing
 n - 4 potions of lignification
 r - 2 potions of invisibility
 t - 8 potions of brilliance
 z - 2 potions of degeneration {unknown}
 B - 4 potions of attraction {unknown}
 D - 3 potions of cancellation {unknown}
 E - 8 potions of berserk rage
 N - 2 potions of resistance
Miscellaneous
 O - a phantom mirror
 X - a piece from Xom's chessboard (15/15)


   Skills:
 * Level 13.7 Fighting
 + Level 17.2(17.8) Axes
 * Level 7.8(13.8) Maces & Flails
 + Level 4.5(6.8) Staves
 + Level 15.8 Armour
 + Level 6.2 Dodging
 * Level 8.3 Stealth
 + Level 12.6 Shields
 * Level 11.0 Evocations


You had 14 spell levels left.
You didn't know any spells.
Your spell library was empty.

Dungeon Overview and Level Annotations

Branches:
Dungeon (15/15)            Temple (1/1) D:4            Lair (6/6) D:9
 Shoals (0/4) Lair:3        Snake (2/4) Lair:3        Slime (0/5) Lair:5
    Orc (0/2) D:10         Vaults (0/5) D:13         Depths (0/4) D:15
Ossuary (visited)          Bailey (visited)

Altars:
Ashenzari
Cheibriados
Dithmenos
Elyvilon
Fedhas
Gozag
Hepliaklqana
Kikubaaqudgha
Makhleb
Nemelex Xobeh
Okawaru
Qazlal
Ru
Sif Muna
Trog
Uskayaw
Vehumet
Wu Jian
Xom
Yredelemnul
Zin
The Shining One
Jiyva

Shops:
D:1 !   D:4 *   D:8 :*!??   D:13 *   Snake:2 [


Innate Abilities, Weirdness & Mutations

You have a pair of horns on your head.
You reflexively headbutt those who attack you in melee.


Message History

You are too injured to fight recklessly!
Unknown command.
You are too injured to fight recklessly!
Unknown command.
You are too injured to fight recklessly!
Unknown command.
You are too injured to fight recklessly!
Unknown command.
You are too injured to fight recklessly!
Unknown command.
You are too injured to fight recklessly!
You feel very mighty all of a sudden.
You feel very sick.
The naga sharpshooter spits poison at you.
The splash of poison hits you but does no damage.
You are more poisoned.
You have difficulty breathing.
* * * LOW HITPOINT WARNING * * *
You feel yourself slow down.
The naga mage hits you but does no damage.
The naga mage barely misses you.
As you read the scroll of teleportation, it crumbles to dust.
You feel strangely unstable.
You feel extremely sick. The naga mage barely misses you.
You furiously retaliate!
You headbutt the naga mage!! The naga mage misses you.
The naga sharpshooter gestures wildly while chanting.
The naga sharpshooter magically shoots a bolt.
The bolt hits you but does no damage. You block the naga mage's attack.
The naga mage misses you.
The naga sharpshooter casts a spell.
The naga sharpshooter magically shoots a bolt.
The bolt hits you!
* * * LOW HITPOINT WARNING * * *
The naga mage spits poison at you.
The splash of poison hits you but does no damage.
You are more poisoned.
* * * LOW HITPOINT WARNING * * *
You feel extremely sick.
You die...

#..#..## ..........#
#.#..#) ..........
##...... .........# ##
#....... ......... #..
#..#.... ........###
#..###.##..## ........N.#
....##.#....# ......N...#
.............
.......#@###.............
.......#.§§........##....
../....#.§.§...§...##..#.
..##...#.§§§..§...)###.##
. #..##§.§8§§......####
#.. #§§§§.§.......#..# .
#§§§..§...........
#.##.................
#.>...............##


You could see a naga sharpshooter (curare) and a naga mage (fast).

Vanquished Creatures
  Jorgrun (D:12)
  Gastronok (D:8)
  Kirke (Lair:4)
  A fire giant (shapeshifter) (D:14)
  A fire giant (D:15)
  An orc warlord (D:10)
  A fire dragon (D:13)
  A rakshasa (D:13)
  3 naga warriors
  5 boulder beetles
  7 anacondas
  11 hydras
  4 centaur warriors
  Erica (D:8)
  4 two-headed ogres
  3 tengu warriors
  3 shock serpents
  A sea snake (Snake:2)
  A skeletal warrior (D:9)
  2 naga ritualists (Snake:1)
  2 lindwurms
  2 phantasmal warriors
  2 deep elf pyromancers (D:13)
  An orc knight (Bailey)
  2 mana vipers (Snake:1)
  3 cyclopes
  5 salamanders
  A wolf spider (D:15)
  5 ugly things
  5 manticores
  19 black mambas
  A guardian serpent (Snake:2)
  18 elephants
  3 merfolk sirens (Lair:3)
  A gargoyle (D:13)
  A rime drake (shapeshifter) (D:15)
  An unseen horror (D:13)
  6 cane toads
  6 naga magi
  4 rime drakes
  A freezing wraith (D:14)
  9 komodo dragons
  Psyche (D:8)
  Maggie (D:7)
  2 tengu conjurers
  A merfolk (Lair:3)
  3 trolls
  3 meliai (D:14)
  8 polar bears
  A polar bear (shapeshifter) (D:13)
  7 hornets
  5 dream sheep (Lair:4)
  8 blink frogs (Lair:4)
  13 slime creatures
  Sigmund (D:3)
  A shadow (D:10)
  11 spriggans (Lair:6)
  A vampire (D:14)
  69 yaks
  A hog (Lair:4)
  6 basilisks
  3 wraiths
  3 wyverns
  A steam dragon (D:8)
  A warg (Lair:2)
  2 acid dragons
  11 vampire mosquitoes
  18 nagas
  20 water moccasins
  A hornet zombie (D:8)
  An ice beast (D:5)
  A sky beast (D:7)
  4 black bears
  A necrophage (D:5)
  11 orc warriors
  17 wolves
  An ogre (D:5)
  2 boggarts (Lair:6)
  9 centaurs
  5 kobold brigands
  A phantom (D:4)
  5 bullfrogs
  2 scorpions (D:13)
  2 water moccasin zombies
  A wyvern skeleton (D:7)
  A wyvern zombie (D:8)
  14 killer bees
  3 wights (D:5)
  An electric eel (Snake:2)
  A howler monkey (D:8)
  6 centaur zombies
  2 bullfrog zombies
  4 orc priests
  A centaur skeleton (D:6)
  3 hounds
  2 iguanas
  4 hell rats (Lair:3)
  11 orc wizards
  A killer bee zombie (D:8)
  A hound skeleton (D:4)
  A mummy (Ossuary)
  2 howler monkey zombies
  Robin (D:2)
  3 gnolls (D:3)
  10 adders
  3 ufetubi
  2 adder skeletons (D:4)
  A dart slug (D:1)
  36 orcs
  8 ball pythons
  6 endoplasms
  2 giant cockroaches (D:3)
  20 goblins
  6 hobgoblins
  2 jackals (D:1)
  8 quokkas
  11 bats
  3 frilled lizards
  7 gnoll skeletons (Ossuary)
  24 kobolds
  5 kobold skeletons (Ossuary)
  13 orc skeletons (Ossuary)
  3 rats
649 creatures vanquished.

Vanquished Creatures (collateral kills)
  A fire dragon (D:9)
  An ogre mage (D:9)
  A death knight (D:14)
  A two-headed ogre (D:9)
  A polar bear (Lair:6)
  2 hornets (Lair:6)
  3 spriggans (Lair:6)
  A basilisk (Lair:6)
  A boggart (Lair:6)
  A wolf (Lair:6)
  An orc priest (D:9)
14 creatures vanquished.

Vanquished Creatures (others)
  2 humans (Lair:4)
  A bullfrog (Lair:4)
  An orc wizard (D:9)
  45 fungi
  68 plants
117 creatures vanquished.

Grand Total: 780 creatures vanquished

Notes
Turn   | Place    | Note
-------+----------+-------------------------------------------
     0 | D:1      | cbfl8 the Minotaur Berserker began the quest for the Orb.
     0 | D:1      | Reached XP level 1. HP: 19/19 MP: 0/0
   155 | D:1      | HP: 1/20 [quokka (3)]
   157 | D:1      | Reached skill level 4 in Axes
   157 | D:1      | Reached XP level 2. HP: 1/27 MP: 1/1
   755 | D:1      | Found Ojexeuc's Distillery.
  1511 | D:2      | Found the +4 robe of Augmentation {Str+4 Int+4 Dex+4}
  1528 | D:2      | Reached XP level 3. HP: 34/34 MP: 2/2
  1544 | D:2      | Identified the +0 buckler of the Everdark {+Blink rF+ MP+9
                  | Str+7}
  1691 | D:2      | Reached ** piety under Trog
  1850 | D:2      | Found a shimmering altar of Xom.
  2139 | D:2      | Noticed Robin
  2153 | D:2      | Killed Robin
  2532 | D:3      | Reached XP level 4. HP: 34/41 MP: 3/3
  2804 | D:3      | Found a faded altar of an unknown god.
  2862 | D:3      | Noticed Sigmund
  2871 | D:3      | Killed Sigmund
  2872 | D:3      | Reached skill level 5 in Fighting
  2872 | D:3      | Reached skill level 5 in Axes
  2872 | D:3      | Reached skill level 1 in Stealth
  2872 | D:3      | Reached XP level 5. HP: 48/48 MP: 4/4
  2908 | D:3      | Reached XP level 6. HP: 52/56 MP: 5/5
  2957 | D:3      | Reached skill level 6 in Axes
  4234 | D:4      | Found a staircase to the Ecumenical Temple.
  4519 | Temple   | Entered the Ecumenical Temple
  4989 | D:4      | Found Ellacuost's Gadget Gallery.
  4994 | D:4      | Bought a wand of iceblast (5) for 108 gold pieces
  5018 | D:4      | Reached *** piety under Trog
  5019 | D:4      | Reached skill level 1 in Shields
  5178 | D:5      | Entered Level 5 of the Dungeon
  5215 | D:5      | Reached skill level 5 in Armour
  5215 | D:5      | Reached XP level 7. HP: 41/61 MP: 6/6
  5606 | D:5      | Reached skill level 7 in Axes
  6194 | D:6      | Found a sand-covered staircase.
  6199 | Ossuary  | Entered an ossuary
  6199 | Ossuary  | Noticed a wraith
  6199 | Ossuary  | Noticed a wraith
  6200 | Ossuary  | Noticed a wraith
  6242 | Ossuary  | Reached XP level 8. HP: 64/69 MP: 7/7
  6405 | Ossuary  | Reached skill level 1 in Evocations
  6540 | D:6      | Reached skill level 8 in Axes
  7080 | D:6      | Found a blossoming altar of Fedhas.
  7852 | D:6      | Reached **** piety under Trog
  7853 | D:6      | Reached skill level 9 in Axes
  8173 | D:7      | Reached XP level 9. HP: 60/78 MP: 8/8
  8352 | D:7      | Found a flagged portal.
  8363 | Bailey   | Entered a bailey
  8846 | Bailey   | Noticed an orc knight
  8865 | Bailey   | Killed an orc knight
  8938 | Bailey   | Reached skill level 10 in Axes
  9330 | Bailey   | Identified the +0 storm dragon scales of Quantum Leap
                  | {rElec MP+9}
  9333 | Bailey   | Identified the +2 pair of boots "Cenid" {rCorr Str+3 Dex+5}
  9775 | D:7      | Noticed Maggie
  9796 | D:7      | Killed Maggie
  9797 | D:7      | Reached skill level 5 in Shields
 10019 | D:8      | Found Terr's Distillery.
 10034 | D:8      | Bought a potion of invisibility for 112 gold pieces
 10034 | D:8      | Bought a potion of might for 56 gold pieces
 10034 | D:8      | Bought a potion of haste for 140 gold pieces
 10034 | D:8      | Bought a potion of curing for 42 gold pieces
 10039 | D:8      | Identified the +4 quarterstaff "Masotum" {vorpal, Int+4
                  | Dex+5}
 10084 | D:8      | Noticed Erica
 10109 | D:8      | Killed Erica
 10110 | D:8      | Reached XP level 10. HP: 55/86 MP: 9/9
 10433 | D:8      | Noticed Psyche
 10441 | D:8      | Killed Psyche
 10473 | D:8      | Noticed a two-headed ogre
 10488 | D:8      | Killed a two-headed ogre
 10489 | D:8      | Reached skill level 10 in Armour
 10489 | D:8      | Reached skill level 5 in Evocations
 10497 | D:8      | Noticed Gastronok
 10752 | D:8      | Found Behunycio's Magic Scroll Shoppe.
 10775 | D:8      | Bought a scroll of teleportation for 45 gold pieces
 10775 | D:8      | Bought a scroll of identify for 30 gold pieces
 10862 | D:8      | Found Umagu's Magic Scroll Emporium.
 10867 | D:8      | Bought a scroll of silence for 112 gold pieces
 10877 | D:8      | Found Miruahett's Assorted Antiques.
 11295 | D:8      | Killed Gastronok
 11486 | D:8      | Found Silysm's Book Boutique.
 11694 | D:9      | Reached skill level 11 in Axes
 11744 | D:9      | Reached XP level 11. HP: 74/94 MP: 10/10
 12131 | D:9      | Found a staircase to the Lair.
 12614 | D:9      | Noticed a fire dragon
 12614 | D:9      | Noticed a two-headed ogre
 12614 | D:9      | Noticed an ogre mage
 12614 | D:9      | Noticed a skeletal warrior
 12618 | D:9      | Killed a two-headed ogre
 12623 | D:9      | Killed a skeletal warrior
 12631 | D:9      | Reached skill level 12 in Axes
 12633 | D:9      | Killed a fire dragon
 12641 | D:9      | Killed an ogre mage
 12642 | D:9      | Reached skill level 5 in Dodging
 13157 | D:10     | Entered Level 10 of the Dungeon
 13691 | D:10     | Found a staircase to the Orcish Mines.
 14253 | D:10     | Noticed an orc warlord
 14264 | D:10     | Killed an orc warlord
 14265 | D:10     | Reached skill level 13 in Axes
 14265 | D:10     | Reached skill level 10 in Shields
 14708 | D:11     | Reached XP level 12. HP: 95/105 MP: 11/11
 15131 | D:11     | Noticed a two-headed ogre
 15138 | D:11     | Killed a two-headed ogre
 15422 | D:11     | You fall into a shaft and drop 2 floors!
 15964 | D:12     | Noticed a two-headed ogre
 15972 | D:12     | Killed a two-headed ogre
 16369 | D:11     | Reached skill level 10 in Fighting
 16371 | D:11     | Reached skill level 14 in Axes
 16837 | Lair:1   | Entered Level 1 of the Lair of Beasts
 16856 | Lair:1   | Identified a scroll of acquirement
 16900 | Lair:1   | Noticed a four-headed hydra
 16921 | Lair:1   | Killed a four-headed hydra
 18130 | Lair:2   | Reached skill level 1 in Staves
 20490 | Lair:3   | Found the +8 whip "Snakebite" {venom, curare, rPois}
 20617 | Lair:3   | Reached XP level 13. HP: 114/114 MP: 12/12
 21063 | Lair:3   | Found a staircase to the Snake Pit.
 21072 | Lair:3   | Reached ***** piety under Trog
 21252 | Lair:3   | Found a staircase to the Shoals.
 21440 | Lair:3   | Reached skill level 15 in Axes
 22526 | Lair:4   | Noticed Kirke
 22545 | Lair:4   | Killed Kirke
 22939 | Lair:4   | Reached skill level 5 in Stealth
 23717 | Lair:4   | You fall into a shaft and drop 2 floors!
 23717 | Lair:6   | Entered Level 6 of the Lair of Beasts
 24577 | Lair:6   | Paralysed by a hornet for 1 turns
 24713 | Lair:6   | Reached skill level 16 in Axes
 24844 | Lair:6   | Reached XP level 14. HP: 90/124 MP: 13/13
 26723 | Lair:5   | Received a gift from Trog
 27791 | Lair:5   | Reached skill level 1 in Maces & Flails
 28004 | Lair:5   | Found a viscous altar of Jiyva.
 28005 | Lair:5   | Found a staircase to the Slime Pits.
 29136 | Lair:6   | Reached skill level 10 in Evocations
 29673 | D:12     | Noticed Jorgrun
 29682 | D:12     | Killed Jorgrun
 30984 | D:13     | Found Zousoste's Assorted Antiques.
 31457 | D:13     | Bought a gilded ring for 160 gold pieces
 31969 | D:13     | Received a gift from Trog
 31987 | D:13     | Found a gate to the Vaults.
 32187 | D:13     | Reached XP level 15. HP: 124/134 MP: 14/14
 32683 | D:13     | Reached skill level 15 in Armour
 32809 | D:13     | Reached skill level 17 in Axes
 33063 | D:13     | Found a bloodstained altar of Trog.
 33637 | D:14     | HP: 6/134 [??? (4)]
 34595 | D:14     | Noticed a fire giant
 34606 | D:14     | Killed a fire giant
 35130 | D:15     | Entered Level 15 of the Dungeon
 36005 | D:15     | Found a staircase to the Depths.
 36005 | D:15     | Noticed a fire giant
 36018 | D:15     | Killed a fire giant
 36791 | Snake:1  | Entered Level 1 of the Snake Pit
 36907 | Snake:1  | Reached skill level 5 in Maces & Flails
 38998 | Snake:2  | Found Buhoungu's Antique Armour Shop.
 39228 | Snake:2  | HP: 4/137 [poisoned by a naga mage (splash of poison)]
 39229 | Snake:2  | Succumbed to a naga mage's splash of poison

Illustrated notes

Levels and vault maps discovered:
D:1:      heliophobic_arrival_battle_scene, layout_loops_ring, serial_shops,
          nicolae_shop_statue_plus, minmay_domino_2
D:2:      layout_loops_ring, basic_altar, grunt_ministairs_4,
          wad_floor_pattern_untrapped, uniq_robin
D:3:      layout_loops_ring, dreamdust_ecumenical_altar_hidden_monk_grotto,
          uniq_sigmund
D:4:      layout_loops_ring, minmay_temple_entry_gardened_gates,
          nicolae_shop_gadgets
D:5:      layout_loops_ring
D:6:      layout_gridville, nicolae_overflow_hidden_temple,
          nicolae_ossuary_entry_plus, minmay_manual_mess
D:7:      layout_basic, enter_bailey_5, uniq_maggie
D:8:      minmay_recursive_quarters, layout_cave_pools, serial_shops, shop,
          shop, nicolae_shop_waterfront, shop, nicolae_lakefront_shop,
          kennysheep_generic_room_11, uniq_gastronok, uniq_psyche, uniq_erica
D:9:      layout_rooms, david_lair_generic, minmay_misc_feat_chi, wad_scary_box
D:10:     layout_rooms, orc_0_dummy, kennysheep_just_a_vault
D:11:     layout_stronghold
D:12:     layout_roguey, uniq_jorgrun
D:13:     layout_cave_pods, david_vaults_4, serial_shops,
          nicolae_shop_window_shopping, trog_butcher_becter
D:14:     kennysheep_big_flooded_room, layout_cave_pools, hex_tiny
D:15:     grunt_enter_depths_giant_problem, layout_irregular_city,
          minmay_misc_feat_tiny
Temple:   kilobyte_greek_temple
Lair:1:   layout_small_grid
Lair:2:   layout_chaotic_city, beast_lair_carwin_9, grunt_megastairs_2,
          serial_bayou_shore_b
Lair:3:   minmay_guarded_unrand_snakebite, layout_regular_city,
          elwin_shoals_entry_stream, minmay_snake_entry_guardpost_small
Lair:4:   beast_lair_carwin_large_3, layout_gridlike, uniq_kirke
Lair:5:   layout_gridlike, slime_altar_1, nicolae_lair_lindhole
Lair:6:   minmay_lair_end_enchanted_forest, layout_regular_city
Snake:1:  layout_chambers
Snake:2:  layout_onion_interference, serial_shops, nicolae_shop_trees,
          drop_trap, statue_in_the_mist_lemuel, nrook_loot_triangle,
          serial_bayou_ford_a

Skill      XL: |  1  2  3  4  5  6  7  8  9 10 11 12 13 14 15 |
---------------+----------------------------------------------+-----
Axes           | 4 5 6 7 9 10 11 13 14 16 17 | 17.2
Fighting       | 4 5 6 7 8 9 10 11 12 13 | 13.7
Armour         | 3 5 6 7 9 11 13 14 15 | 15.8
Dodging        | 3 4 5 6 |  6.2
Stealth        | 1 2 3 5 7 8 |  8.3
Shields        | 1 3 5 8 10 11 12 | 12.6
Evocations     | 2 4 5 7 8 9 10 11 | 11.0
Staves         | 3 4 |  4.5
Maces & Flails | 3 7 |  7.8

Action                   |  1- 3 |  4- 6 |  7- 9 | 10-12 | 13-15 || total
-------------------------+-------+-------+-------+-------+-------++-------
Melee: Hand axe          |    89 |   171 |   337 |    31 |       ||   628
       Headbutt          |    11 |    22 |    64 |   132 |   362 ||   591
       War axe           |       |       |       |   307 |       ||   307
       Battleaxe         |       |       |       |    97 |   352 ||   449
       Quarterstaff      |       |       |       |    41 |    45 ||    86
       Whip              |       |       |       |       |   621 ||   621
       Broad axe         |       |       |       |       |   207 ||   207
Invok: Berserk           |       |     3 |     4 |     7 |    10 ||    24
       Trog's Hand       |       |     2 |     7 |     5 |     3 ||    17
       Brothers in Arms  |       |       |     1 |     1 |     4 ||     6
 Abil: Evoke Blink       |       |     1 |       |     1 |       ||     2
Evoke: Wand              |       |       |       |       |    11 ||    11
  Use: Scroll            |       |       |     7 |     6 |    18 ||    31
       Potion            |       |       |       |     1 |     7 ||     8
Armor: Animal skin       |     6 |       |       |       |       ||     6
       Chain mail        |    31 |    74 |    85 |       |       ||   190
       Storm dragon scal |       |       |    18 |   175 |   520 ||   713
Dodge: Dodged            |    50 |    51 |   165 |   355 |   773 ||  1394
Block: Buckler           |     5 |    15 |    59 |   122 |   274 ||   475
